AoeStats
← AiM | XiøFabrY

Fortress

510324928Analyzed
1v1 RM · 2d ago on Sep 30, 2026· 42m 1s· 2 players
Game mode
Random Map
Map size
Small (3 player)
Population
200
Speed
Normal
Resources
Standard
Victory
Conquest
Starting age
Dark Age
Ending age
Imperial Age
RankedLock teamsTeams togetherTeam positionsShared explorationLock speedFull tech treeHidden civsTurbo modeCheats
Victory
Defeat
🇨🇱 Khmer · Chile
1234
+14
🇨🇴 Poles · Colombia
1190
-14
Impeesa91
7:11 Feudal Age
11:35 Castle Age
9:36 Double-Bit Axe
11:19 Horse Collar
12:19 Bloodlines
12:20 Scale Barding Armor
12:42 Bow Saw
13:23 Loom
14:13 Heavy Plow
17:03 Forging
20:03 Chain Barding Armor
20:12 Gold Mining
25:25 Imperial Age
23:53 Iron Casting
23:36 Stone Mining
24:01 Fervor
25:12 Sanctity
25:06 Husbandry
25:39 Devotion
26:41 Stone Shaft Mining
26:09 Scale Mail Armor
25:37 Cavalier
27:27 Theocracy
29:41 Blast Furnace
29:18 Block Printing
29:45 Redemption
31:05 Crop Rotation
31:13 Wheelbarrow
30:24 Town Watch
31:43 Chemistry
31:30 Conscription
32:48 Szlachta Privileges
33:38 Lechitic Legacy
34:17 Hoardings
35:04 Elite Obuch
36:12 Chain Mail Armor
36:56 Hand Cart
36:42 Town Patrol
39:17 Faith
42:01 Hoardings
AiM | XiøFabrY
7:31 Feudal Age
10:28 Castle Age
8:27 Double-Bit Axe
8:35 Horse Collar
8:57 Loom
9:34 Gold Mining
14:41 Wheelbarrow
19:16 Imperial Age
19:06 Bow Saw
19:38 Pikeman
20:45 Conscription
22:41 Bloodlines
22:33 Husbandry
23:36 Fervor
23:46 Sanctity
23:43 Heavy Plow
23:31 Town Watch
25:06 Hand Cart
26:23 Halberdier
27:39 Scale Barding Armor
27:36 Scale Mail Armor
28:02 Ballistics
28:10 Forging
29:21 Chain Barding Armor
30:07 Chain Mail Armor
30:51 Plate Barding Armor
30:44 Devotion
31:21 Theocracy
32:15 Chemistry
31:15 Arson
32:08 Iron Casting
32:52 Town Patrol
32:43 Elite Ballista Elephant
33:40 Double Crossbow
33:48 Light Cavalry
35:25 Crop Rotation
35:11 Siege Engineers
36:23 Blast Furnace
35:14 Fletching
35:05 Hussar
36:21 Town Patrol
Connection lost

Rejoining the realm…

Still unreachable

The connection could not be restored.

Session expired

The server has moved on; the page needs a fresh start.